 Dungeon Crawl Stone Soup version 0.23-a0-448-g1c01f63 (webtiles) character file.

4642 MisterFreud the Covert (level 10, -12/61 HPs)
             Began as a Kobold Berserker on Nov 20, 2018.
             Was an Elder of Trog.
             Mangled by a wyvern (17 damage)
             ... on level 9 of the Dungeon.
             The game lasted 00:14:49 (8139 turns).

MisterFreud the Covert (Kobold Berserker)           Turns: 8139, Time: 00:14:50

Health: -12/61     AC:  4    Str: 22    XL:     10   Next: 70%
Magic:  10/10      EV: 22    Int:  9    God:    Trog [****..]
Gold:   345        SH:  0    Dex: 15    Spells: 9/9 levels left

rFire    . . .     SeeInvis .   J - +0 rapier (venom)
rCold    . . .     Gourm    .   (shield restricted)
rNeg     . . .     Faith    .   b - +0 animal skin
rPois    +         Spirit   .   w - +1 helmet (curse)
rElec    .         Reflect  .   (no cloak)
rCorr    .         Harm     .   (no gloves)
MR       +....                  (no boots)
Stlth    +++++.....             K - amulet of magic regeneration
HPRegen  0.20/turn              F - ring of poison resistance
MPRegen  0.37/turn              o - ring of protection from magic

@: mighty
A: small, carnivore
a: Berserk, Trog's Hand, Brothers in Arms, Renounce Religion


You were on level 9 of the Dungeon.
You worshipped Trog.
Trog was greatly pleased with you.
You were completely stuffed.

You visited 1 branch of the dungeon, and saw 9 of its levels.

You collected 426 gold pieces.
You spent 81 gold pieces at shops.

Inventory:

Hand Weapons
 a - a +0 short sword
 q - a +5 dagger of pain
 J - a +0 rapier of venom (weapon)
Missiles
 d - 128 stones (quivered)
 C - 18 bolts
Armour
 b - a +0 animal skin (worn)
 w - a cursed +1 helmet (worn)
 L - a +0 buckler
Jewellery
 o - a ring of protection from magic (right hand)
 s - an uncursed ring of protection from cold
 v - an uncursed ring of resist corrosion
 F - a ring of poison resistance (left hand)
 H - an uncursed ring of ice
 K - an amulet of magic regeneration (around neck)
Scrolls
 e - 2 scrolls of magic mapping
 f - a scroll of fog {unknown}
 g - a scroll of random uselessness {unknown}
 j - a scroll of fear {unknown}
 l - 3 scrolls of immolation
 m - 3 scrolls of enchant armour
 n - 3 scrolls of enchant weapon
 p - 2 scrolls of teleportation {unknown}
 t - 2 scrolls of blinking {unknown}
 y - a scroll of remove curse {unknown}
 z - a scroll of noise {unknown}
 B - a scroll of holy word {unknown}
 E - a scroll of summoning {unknown}
 I - a scroll of identify
Potions
 h - 4 potions of might
 i - 3 potions of brilliance
 k - 2 potions of curing
 r - 3 potions of cancellation
 u - 2 potions of flight {unknown}
 x - a potion of agility {unknown}
 A - 2 potions of lignification {unknown}
 D - a potion of berserk rage {unknown}
 G - a potion of resistance {unknown}
Comestibles
 c - 20 rations
 M - 3 chunks of flesh


   Skills:
 + Level 6.5 Fighting
 - Level 10.0 Short Blades
 - Level 1.5 Armour
 - Level 10.0 Dodging
 - Level 12.0 Stealth
 * Level 2.0 Shields


You had 9 spell levels left.
You didn't know any spells.
Your spell library was empty.

Dungeon Overview and Level Annotations

Branches:
Dungeon (9/15)             Temple (0/1) D:4
   Lair: D:8-11         Orc: D:9-12

Altars:
Dithmenos
Elyvilon
Fedhas
Hepliaklqana
Ru
Trog
Yredelemnul
The Shining One

Shops:
D:7 (

Annotations:
D:7 1 runed door


Innate Abilities, Weirdness & Mutations

You are small and have problems with some larger weapons.
You are carnivorous and can eat meat at any time.


Message History

* * * LOW HITPOINT WARNING * * *
The wyvern misses you. The wyvern misses you.
The ogre looks more healthy.
The wyvern completely misses you. The wyvern closely misses you.
There is an open door here.
You see here a worker ant corpse.
The wyvern bites you!
* * * LOW HITPOINT WARNING * * *
There is an open door here.
The wyvern barely misses you.
Okay, then.
It was a potion of might.
You feel very mighty all of a sudden. The wyvern misses you.
It was a potion of curing.
You feel better. The wyvern bites you!
* * * LOW HITPOINT WARNING * * *
The wyvern bites you!
You die...

. #.).#........#
#....####...#...######
#....#......#...#
#....#...(..#...#
#....#.....##...#
#....#.....†...##
#....#.(.O.#...#
#....####l##...####
#.......@.........#
#[............<...#
#)#####.....).....#
#<# #.........### #.#
#.........# ..#
#.........# ...#
#........## ....#
#........# .....#
#........#


You could see a wyvern and an ogre.

Vanquished Creatures
  2 two-headed ogres (D:8)
  A spriggan (D:7)
  6 yaks
  An orc warrior (D:6)
  A sky beast (D:5)
  2 ice beasts
  3 ogres
  2 centaurs
  5 bullfrogs
  4 scorpions
  8 crimson imps
  2 jellies
  2 bullfrog zombies
  3 hounds
  A bullfrog skeleton (D:4)
  9 worker ants
  6 iguanas
  A hound skeleton (D:4)
  3 gnolls (D:5)
  6 adders
  An adder skeleton (D:4)
  A dart slug (D:2)
  4 leopard geckos
  11 orcs
  A ball python (D:3)
  9 bats
  4 giant cockroaches
  7 goblins
  11 hobgoblins
  5 jackals
  5 kobolds
  4 quokkas
  6 frilled lizards
  A giant cockroach zombie (D:6)
  A jackal skeleton (D:4)
  A quokka skeleton (D:5)
  A quokka zombie (D:5)
  6 rats
147 creatures vanquished.

Notes
Turn   | Place    | Note
-------+----------+-------------------------------------------
     0 | D:1      | MisterFreud the Kobold Berserker began the quest for the
                  | Orb.
     0 | D:1      | Reached XP level 1. HP: 14/14 MP: 1/1
   166 | D:1      | Reached skill level 1 in Stealth
   474 | D:1      | Reached XP level 2. HP: 14/19 MP: 2/2
  1253 | D:2      | Reached skill level 2 in Stealth
  1302 | D:2      | Reached XP level 3. HP: 5/23 MP: 3/3
  1723 | D:2      | Reached skill level 5 in Short Blades
  1940 | D:2      | Reached skill level 3 in Stealth
  2174 | D:2      | Reached XP level 4. HP: 27/28 MP: 4/4
  2214 | D:2      | Reached ** piety under Trog
  2429 | D:3      | Reached skill level 4 in Stealth
  2667 | D:3      | Reached XP level 5. HP: 32/32 MP: 5/5
  3078 | D:4      | Reached skill level 5 in Stealth
  3098 | D:4      | Reached XP level 6. HP: 23/37 MP: 6/6
  3192 | D:4      | Found a staircase to the Ecumenical Temple.
  3287 | D:4      | Reached skill level 6 in Stealth
  3740 | D:4      | Found a blossoming altar of Fedhas.
  3743 | D:4      | Found a glowing golden altar of the Shining One.
  3746 | D:4      | Found a shadowy altar of Dithmenos.
  3749 | D:4      | Found a white marble altar of Elyvilon.
  3873 | D:4      | Reached XP level 7. HP: 41/41 MP: 7/7
  3900 | D:5      | Entered Level 5 of the Dungeon
  4148 | D:5      | Found a basalt altar of Yredelemnul.
  4420 | D:5      | Found a sacrificial altar of Ru.
  4435 | D:5      | Reached *** piety under Trog
  4443 | D:5      | Reached XP level 8. HP: 46/46 MP: 8/8
  4498 | D:5      | Reached skill level 10 in Short Blades
  4825 | D:6      | Found a hazy altar of Hepliaklqana.
  4825 | D:6      | Found a bloodstained altar of Trog.
  4852 | D:6      | Reached skill level 5 in Dodging
  5832 | D:7      | Reached XP level 9. HP: 51/51 MP: 9/9
  6155 | D:7      | Found a runed door.
  6162 | D:7      | Found a basalt altar of Yredelemnul.
  6185 | D:7      | Reached skill level 7 in Stealth
  6237 | D:7      | Reached skill level 8 in Stealth
  6402 | D:7      | Found Issasch's Weapon Emporium.
  6407 | D:7      | Bought a +0 rapier of venom for 81 gold pieces
  6566 | D:8      | Reached skill level 9 in Stealth
  6670 | D:8      | Noticed a two-headed ogre
  6691 | D:8      | Killed a two-headed ogre
  6691 | D:8      | Reached skill level 11 in Stealth
  6919 | D:8      | Reached XP level 10. HP: 52/56 MP: 10/10
  6998 | D:8      | Reached skill level 12 in Stealth
  7078 | D:8      | Noticed a two-headed ogre
  7087 | D:8      | Killed a two-headed ogre
  7087 | D:8      | Reached skill level 5 in Fighting
  7749 | D:8      | Reached skill level 10 in Dodging
  7749 | D:8      | Reached skill level 1 in Shields
  7936 | D:8      | Reached **** piety under Trog
  8139 | D:9      | Mangled by a wyvern

Vault maps used:
D:1:      dpeg_arrival_arbitrary_a, serial_forest, infiniplex_forest_zigzag_2,
          infiniplex_forest_lined_3, infiniplex_forest_clump_diagonal,
          infiniplex_forest_lined_2, infiniplex_forest_clump_medium
D:3:      first_ration
D:4:      grunt_temple_overflow_cloverleaf, minmay_temple_entry_slanted
D:5:      basic_altar, minmay_statues_item, nicolae_ru_awakened_eye
D:6:      gammafunk_temple_overflow_elements
D:7:      serial_shops, shop, minivault_23, the_bakery, dk_yredelemnul_ordeal
D:9:      cheibrodos_shockbox, grunt_lair_entry_orc_guard_hut, minmay_between

Skill      XL: |  1  2  3  4  5  6  7  8  9 10 |
---------------+-------------------------------+-----
Stealth        | 1 2 3 4 5 6 11 12 | 12.0
Short Blades   | 5 6 7 9 10 | 10.0
Dodging        | 7 8 10 | 10.0
Fighting       | 6 |  6.5
Shields        | 2 |  2.0
Armour         | |  1.5

Action                   |  1- 3 |  4- 6 |  7- 9 | 10-12 || total
-------------------------+-------+-------+-------+-------++-------
Melee: Short sword       |   164 |    21 |       |       ||   185
       Dagger            |       |   106 |   194 |       ||   300
       Rapier            |       |       |    52 |   112 ||   164
Invok: Berserk           |     1 |     1 |     8 |     2 ||    12
  Use: Scroll            |       |     6 |       |       ||     6
       Potion            |       |       |       |     2 ||     2
 Stab: Sleeping          |     4 |     8 |    10 |       ||    22
       Distracted        |       |       |     1 |       ||     1
  Eat: Chunk             |    13 |     5 |    19 |     5 ||    42
Armor: Animal skin       |    25 |    13 |    16 |     2 ||    56
Dodge: Dodged            |   124 |    68 |   113 |    86 ||   391

Table legend:
 A = Non-vault XP
 B = Vault XP
 C = Vault XP percentage of total XP
 D = Non-vault monster count
 E = Vault monster count
 F = Vault count percentage of total count
                 A         B        C        D         E       F
            +---------+---------+-------+---------+---------+-------
      Total |    6334 |     298 |   4.5 |     145 |       2 |   1.4
            +---------+---------+-------+---------+---------+-------
        D:1 |      14 |       0 |   0.0 |       8 |       0 |   0.0
        D:2 |      61 |       0 |   0.0 |      27 |       0 |   0.0
        D:3 |      81 |       0 |   0.0 |      25 |       0 |   0.0
        D:4 |     408 |       0 |   0.0 |      13 |       0 |   0.0
        D:5 |     591 |       0 |   0.0 |      19 |       0 |   0.0
        D:6 |     732 |       0 |   0.0 |      17 |       0 |   0.0
        D:7 |     330 |     205 |  38.3 |       6 |       1 |  14.3
        D:8 |    3698 |      93 |   2.5 |      23 |       1 |   4.2
        D:9 |     419 |       0 |   0.0 |       7 |       0 |   0.0
            +---------+---------+-------+---------+---------+-------
